 Dungeon Crawl Stone Soup version 0.29.1-15-g9cfb28693d (webtiles) character file.

Game seed: 5039357390552290347

119 Kold the Insei (level 5, -8/34 HPs)
             Began as an Octopode Transmuter on Feb 24, 2023.
             Killed from afar by an orc wizard (9 damage)
             ... with a magic dart
             ... on level 3 of the Dungeon.
             The game lasted 00:05:15 (3514 turns).

Kold the Insei (Octopode Transmuter)                Turns: 3514, Time: 00:05:15

Health: -8/34      AC:  1    Str: 10    XL:     5   Next: 3%
Magic:  8/9        EV: 13    Int: 17    God:
Gold:   110        SH:  0    Dex: 12    Spells: 5/9 levels left

rFire   . . .      SeeInvis .     - Unarmed
rCold   . . .      Faith    .   (no shield)
rNeg    . . .      Spirit   .   (helmet currently unavailable)
rPois   .          Reflect  .   (no amulet)
rElec   .          Harm     .   (no ring)
rCorr   .          Rampage  .   (no ring)
Will    .....                   (no ring)
Stlth   ++........              (no ring)
HPRegen 0.11/turn               (no ring)
MPRegen 0.11/turn               (no ring)
                                (no ring)
                                (no ring)

@: confused, mighty, lethally poisoned (-8 -> -20), appendages
A: tentacle spike 3, almost no armour, amphibious, 8 rings, camouflage 1,
gelatinous body 1, (nimble swimmer 1), tentacles
a: End Transformation


You were on level 3 of the Dungeon.
One of your tentacles had grown a beastly spike.
You visited 1 branch of the dungeon, and saw 3 of its levels.

You collected 110 gold pieces.

Inventory:

Armour
 b - an orb of wrath
Jewellery
 e - an amulet of the acrobat
Wands
 m - a wand of charming (6)
 p - a wand of roots (3)
Scrolls
 c - 4 scrolls of identify {unknown}
 d - a scroll of torment {unknown}
 g - a scroll of vulnerability {unknown}
 h - a scroll of brand weapon {unknown}
 i - a scroll of enchant weapon {unknown}
 k - 2 scrolls of blinking {unknown}
 l - 2 scrolls of poison {unknown}
 n - 2 scrolls of teleportation {unknown}
 q - a scroll of fear {unknown}
Potions
 a - a potion of lignification
 f - 2 potions of might
 j - 2 potions of curing {unknown}
 o - a potion of mutation {unknown}


   Skills:
 - Level 2.0 Fighting
 + Level 2.7 Dodging
 + Level 0.0 Stealth
 + Level 3.6 Unarmed Combat
 + Level 2.6 Spellcasting
 + Level 2.6 Transmutations
 + Level 1.1 Poison Magic


You had 5 spell levels left.
You knew the following spells:

 Your Spells              Type           Power      Damage    Failure   Level
a - Beastly Appendage     Tmut           22%        N/A       6%          1
b - Spider Form           Tmut/Pois      8%         N/A       24%         3

Your spell library contained the following spells:

 Spells                   Type           Power      Damage    Failure   Level
 Wereblood                Tmut           11%        N/A       9%          2
 Ice Form                 Ice/Tmut       6%         N/A       71%         4


Dungeon Overview and Level Annotations

Branches:
Dungeon (3/15)

Altars:
Kikubaaqudgha

Annotations:
D:3 1 runed translucent door, MrClown's ghost, amateur MiGl


Innate Abilities, Weirdness & Mutations

One of your tentacles has grown a beastly spike.
You cannot wear most types of armour.
You are amphibious.
You can wear up to eight rings at the same time.
Your skin changes colour to match your surroundings (Stealth+).
Your rubbery body absorbs attacks. (AC +1, EV +1)
((You are camouflaged when in or above water. (Stealth+)))
You have tentacles for arms and can constrict up to eight enemies at once.


Message History

The orc is severely wounded.
The orc hits you with a +0 short sword. The orc wizard closely misses you.
The orc hits you with a +0 dagger.
Casting: Beastly Appendage (safe; 6% risk of failure)
Confirm with . or Enter, or press ? or * to list all spells.
One of your tentacles grows a vicious spike.
The orc barely misses you.
The orc wizard hits you with a +0 dagger of venom.
You are poisoned.
The goblin barely misses you. The orc misses you.
Casting: Beastly Appendage (safe; 6% risk of failure)
Press: ? - help, Q - select action, (/) - cycle Dir - look around, f - activate
Okay, then.
You barely miss the orc. Your grab misses the orc.
Your tentacle spike misses the orc.
You squeeze the orc.
You kill the orc!
You feel very sick.
The orc wizard points at you and mumbles some strange words.
You are confused.
The goblin hits you with a +0 club. The orc barely misses you.
You bludgeon the goblin!
You kill the goblin!
You feel sick.
The orc wizard hits you with a +0 dagger of venom.
You are lethally poisoned!
The orc completely misses you.
The orc wizard attacks as you move away!
The orc wizard barely misses you.
* * * LOW HITPOINT WARNING * * *
You feel very sick. The orc hits you with a +0 dagger.
* * * LOW HITPOINT WARNING * * *
You see here a +0 club.
It was a potion of might.
You feel very mighty all of a sudden.
* * * LOW HITPOINT WARNING * * *
You feel very sick. The orc wizard casts a spell at you.
The magic dart hits you!
You die...

...8# ...## ...# ...##
...8#
...##################
...##...........>....
...##...#####.##.#.##
...8###.#####.##@#.###
...####.##......oo...#
...#.##.##.##..)...#....
........## #....?......
...#.#..# ......#.#..#
...#.#..#####.#..#.#..#
.........## #.#..#.. .#
(.......#.# ###..#### #
........#.#####..#


You could see an orc wizard and an orc.

Vanquished Creatures
  4 adders
  A worm (D:2)
  2 dart slugs
  7 orcs (D:3)
  A ball python (D:2)
  8 endoplasms
  4 giant cockroaches
  5 goblins
  7 hobgoblins
  2 jackals (D:1)
  4 quokkas (D:1)
  3 bats
  4 frilled lizards
  5 kobolds
  8 rats
65 creatures vanquished.

Notes
Turn   | Place    | Note
-------+----------+-------------------------------------------
     0 | D:1      | Kold the Octopode Transmuter began the quest for the Orb.
     0 | D:1      | Reached XP level 1. HP: 13/13 MP: 3/3
   268 | D:1      | Reached XP level 2. HP: 12/18 MP: 3/5
  1097 | D:1      | Found a faded altar of an unknown god.
  1201 | D:1      | Reached XP level 3. HP: 23/23 MP: 6/6
  1658 | D:2      | Found an ancient bone altar of Kikubaaqudgha.
  1923 | D:2      | Learned a level 3 spell: Spider Form
  2199 | D:2      | Reached XP level 4. HP: 29/29 MP: 7/7
  2708 | D:3      | Found a runed translucent door.
  2714 | D:3      | Noticed MrClown's ghost (amateur MiGl)
  3020 | D:3      | Reached skill level 1 in Poison Magic
  3506 | D:3      | Reached XP level 5. HP: 34/34 MP: 9/9
  3514 | D:3      | HP: 1/34 [poisoned by an orc wizard]
  3514 | D:3      | Killed from afar by an orc wizard

Illustrated notes

Levels and vault maps discovered:
D:1:      elethiomel_arrival_infinity_welcomes_careful_drivers, layout_basic,
          shapermc_ecumenical_altar_notcrosses, minmay_tetromino_l4
D:2:      layout_loops_corners, basic_altar
D:3:      layout_basic, serial_corexii_hall, chequers_hall_statues_y,
          corexii_hall_statues_i, ebering_ghost_sewer_d, grunt_decor_resistance

Skill      XL: |  1  2  3  4 |
---------------+-------------+-----
Poison Magic   | 1 |  1.1
Fighting       | 2 |  2.0
Dodging        | |  2.7
Unarmed Combat | |  3.6
Spellcasting   | |  2.6
Transmutations | |  2.6

Action                   |  1- 3 |  4- 6 || total
-------------------------+-------+-------++-------
Melee: Unarmed           |    80 |    58 ||   138
       Constrict         |    25 |    12 ||    37
       Tentacles         |    20 |    11 ||    31
       Kick              |     7 |     5 ||    12
       Punch             |     1 |     3 ||     4
 Cast: Beastly Appendage |    11 |    10 ||    21
  Use: Potion            |       |     1 ||     1
 Stab: Sleeping          |     5 |     7 ||    12
       Distracted        |     1 |       ||     1
Armor: Skin              |     2 |     1 ||     3
Dodge: Dodged            |    58 |    39 ||    97
